 Dungeon Crawl Stone Soup version 0.24.0-13-gcf9b319 (webtiles) character file.

Game seed: 18382373514064280741, levelgen mode: deterministic

2950 Bronimir the Chucker (level 9, -4/75 HPs)
             Began as an Ogre Arcane Marksman on Mar 31, 2020.
             Was a Priest of Okawaru.
             Shot with an arrow by a centaur (9 damage)
             ... on level 8 of the Dungeon.
             The game lasted 00:37:59 (11184 turns).

Bronimir the Chucker (Ogre Arcane Marksman)        Turns: 11184, Time: 00:37:59

Health: -4/75      AC:  5    Str: 24    XL:     9   Next: 81%
Magic:  13/16      EV: 11    Int: 14    God:    Okawaru [***...]
Gold:   360        SH:  0    Dex:  9    Spells: 9/17 levels left

rFire    + . .     SeeInvis .   t - +1 long sword (elec)
rCold    x . .     Gourm    .   (no shield)
rNeg     . . .     Faith    .   p - +2 robe
rPois    .         Spirit   .   (helmet restricted)
rElec    .         Reflect  .   (no cloak)
rCorr    .         Harm     .   (gloves unavailable)
MR       .....                  (boots unavailable)
Stlth    +.........             (no amulet)
HPRegen  0.22/turn              E - +5 ring of strength
MPRegen  0.15/turn              w - ring of fire

@: no status effects
A: large, unfitting armour, frail 1, tough skin 1, MP-powered wands
a: Heroism, Renounce Religion


You were on level 8 of the Dungeon.
You worshipped Okawaru.
Okawaru was most pleased with you.
You were not hungry.

You visited 1 branch of the dungeon, and saw 8 of its levels.

You collected 360 gold pieces.

Inventory:

Hand Weapons
 a - a +0 spear
 b - a +0 shortbow of freezing
 c - a +0 club
 t - a +1 long sword of electrocution (weapon)
 B - a +2 short sword of flaming
 D - a +2 flail of holy wrath
Missiles
 d - 234 stones
 e - 2 throwing nets
 g - a large rock
 l - 65 sling bullets
 m - 14 javelins
 n - 5 curare-tipped darts
 o - 107 bolts
 q - 107 arrows
 H - 35 poisoned darts (quivered)
Armour
 p - a +2 robe (worn)
Jewellery
 v - an uncursed amulet of harm
 w - a ring of fire (right hand)
 E - a +5 ring of strength (left hand)
Scrolls
 h - 2 scrolls of teleportation
 j - 3 scrolls of amnesia
 s - 6 scrolls of remove curse
 u - 3 scrolls of fog
 y - 5 scrolls of identify
 z - 2 scrolls of immolation
 G - a scroll of enchant armour
Potions
 i - a potion of curing
 k - a potion of brilliance
 r - a potion of ambrosia {unknown}
 x - a potion of heal wounds {unknown}
 C - 2 potions of agility {unknown}
Comestibles
 f - 11 rations


   Skills:
 + Level 4.2 Fighting
 * Level 5.4 Long Blades
 + Level 0.2 Maces & Flails
 + Level 1.8 Polearms
 + Level 5.4 Throwing
 * Level 4.2 Dodging
 - Level 0.2 Stealth
 + Level 0.1 Unarmed Combat
 * Level 4.8 Spellcasting
 + Level 1.9 Conjurations
 + Level 4.0 Hexes
 * Level 2.8 Summonings
 - Level 3.0 Translocations
 * Level 3.7 Invocations


You had 9 spell levels left.
You knew the following spells:

 Your Spells              Type           Power        Failure   Level  Hunger
a - Corona                Hex            ##.....      3%          1    None
b - Slow                  Hex            ##......     4%          2    ##.....
c - Blink                 Tloc           N/A          8%          2    ##.....
d - Magic Dart            Conj           #...         8%          1    None
e - Call Imp              Summ           ##......     9%          2    ##.....

Your spell library contained the following spells:

 Spells                   Type           Power        Failure   Level  Hunger
 Portal Projectile        Hex/Tloc       ##....       12%         3    ###....
 Inner Flame              Hex/Fire       ##......     24%         3    ###....
 Cause Fear               Hex            ##........   32%         4    ####...
 Conjure Flame            Conj/Fire      #.......     34%         3    ###....
 Mephitic Cloud           Conj/Pois/Air  #.......     38%         3    ###....
 Leda's Liquefaction      Hex/Erth       #.........   61%         4    ####...


Dungeon Overview and Level Annotations

Branches:
Dungeon (8/15)             Temple (0/1) D:7
   Lair: D:8-11

Altars:
Ashenzari
Cheibriados
Dithmenos
Elyvilon
Hepliaklqana
Makhleb
Nemelex Xobeh
Okawaru
Ru
Sif Muna
Uskayaw
Wu Jian
Yredelemnul
Zin


Innate Abilities, Weirdness & Mutations

You are too large for most types of armour.
You have tough skin. (AC +1)
You are frail. (-10% HP)
You expend magic power (3 MP) to strengthen your wands.


Message History

The hippogriff claws your crimson imp!
Your crimson imp hits the hippogriff.
The hippogriff bites your crimson imp!
Your crimson imp dies!
As you read the scroll of fog, it crumbles to dust.
The scroll dissolves into smoke.
The orc barely misses you.
The orc warrior hits you from afar with a +0 halberd!
* * * LOW HITPOINT WARNING * * *
You feel better. The orc hits you.
* * * LOW HITPOINT WARNING * * *
The orc warrior misses you.
As you read the scroll of teleportation, it crumbles to dust.
You feel strangely unstable. The orc hits you but does no damage.
An arrow appears from out of your range of vision.
The arrow hits your crimson imp!
Your crimson imp dies!
A centaur comes into view. It is wielding a +0 shortbow.
Your surroundings seem slightly different.
The centaur shouts!
The centaur shoots an arrow.
The arrow hits you!
You die...

#.# #.# ....
##'#####.# .....
#......#.#.......
#.>......[...?...
#......###%......
#......###.......
#..........#....
##.......§§.....
#..@..§§..#####
#.....§§ool#
#....(#.##o#
......(#§##§#
....c(.(..§§§#
...<..#####§####
##.... #.# ####.
..# ####


You could see a centaur.

Vanquished Creatures
  A hornet (D:6)
  Prince Ribbit (D:5)
  A human (D:7)
  2 hogs (D:7)
  2 ice beasts
  An ogre (D:4)
  A phantom (D:4)
  2 centaurs
  Blork the orc (D:5)
  A big kobold (D:7)
  5 bullfrogs
  A scorpion (D:5)
  A howler monkey (D:7)
  2 crimson imps
  A hound (D:6)
  6 orc priests
  2 jellies
  A bullfrog skeleton (D:5)
  A gnoll shaman (D:4)
  6 orc wizards
  A centaur skeleton (D:7)
  Natasha (twice) (D:3)
  7 worker ants
  A killer bee zombie (D:6)
  2 hound skeletons
  A mummy (D:4)
  9 gnolls
  4 adders
  A shadow imp (D:7)
  An ooze (D:1)
  4 worms
  2 dart slugs
  6 leopard geckos
  27 orcs
  7 bats
  5 giant cockroaches
  16 goblins
  9 hobgoblins
  11 jackals
  4 kobolds
  5 quokkas
  5 frilled lizards
  A goblin zombie (D:4)
  A jackal skeleton (D:7)
  A jackal zombie (D:5)
  2 quokka skeletons (D:4)
  2 quokka zombies
  5 rats
  A spectral orc (D:2)
182 creatures vanquished.

Vanquished Creatures (collateral kills)
  A gnoll sergeant (D:7)
  3 gnolls (D:7)
  An adder zombie (D:5)
5 creatures vanquished.

Vanquished Creatures (others)
  A hobgoblin zombie (D:4)
1 creature vanquished.

Grand Total: 188 creatures vanquished

Notes
Turn   | Place    | Note
-------+----------+-------------------------------------------
     0 | D:1      | Bronimir the Ogre Arcane Marksman began the quest for the
                  | Orb.
     0 | D:1      | Reached XP level 1. HP: 19/19 MP: 2/2
    95 | D:1      | Reached XP level 2. HP: 27/27 MP: 3/3
   490 | D:1      | Learned a level 2 spell: Slow
   583 | D:1      | Reached XP level 3. HP: 32/33 MP: 4/4
   885 | D:2      | Found a white marble altar of Elyvilon.
   890 | D:2      | Found a sacrificial altar of Ru.
   927 | D:2      | Became a worshipper of Ru the Awakened
   968 | D:2      | Found an iron altar of Okawaru.
   973 | D:2      | Fell from the grace of Ru
   973 | D:2      | Became a worshipper of Warmaster Okawaru
  1317 | D:2      | Found a basalt altar of Yredelemnul.
  1530 | D:3      | Found a glowing silver altar of Zin.
  1700 | D:3      | Noticed Natasha
  1706 | D:3      | Killed Natasha
  1706 | D:3      | Reached XP level 4. HP: 37/42 MP: 5/5
  1825 | D:3      | Found a shattered altar of Ashenzari.
  2268 | D:3      | Reached XP level 5. HP: 13/49 MP: 6/6
  2312 | D:3      | Noticed Natasha
  2317 | D:3      | Gained mutation: Your mind is acute. (Int +2) [potion of
                  | mutation]
  2317 | D:3      | Gained mutation: You are weak. (Str -2) [potion of
                  | mutation]
  2317 | D:3      | Gained mutation: Your magical capacity is low. (-10% MP)
                  | [potion of mutation]
  2317 | D:3      | Gained mutation: You expend magic power (3 MP) to
                  | strengthen your wands. [potion of mutation]
  2567 | D:3      | Found an ornate altar of the Wu Jian Council.
  2656 | D:3      | Found a shimmering blue altar of Sif Muna.
  2976 | D:3      | Killed Natasha
  3212 | D:4      | Found a hide-covered altar of Uskayaw.
  3213 | D:4      | Noticed a +0 hand axe
  3214 | D:4      | Noticed a -3 dagger
  3220 | D:4      | Reached skill level 1 in Polearms
  3229 | D:4      | Reached XP level 6. HP: 41/57 MP: 7/7
  3425 | D:3      | Learned a level 2 spell: Blink
  3427 | D:3      | Learned a level 1 spell: Magic Dart
  3566 | D:4      | Reached * piety under Okawaru
  3566 | D:4      | Reached skill level 1 in Long Blades
  3646 | D:4      | Reached skill level 1 in Translocations
  3664 | D:4      | Found a hazy altar of Hepliaklqana.
  4193 | D:4      | Reached XP level 7. HP: 59/66 MP: 4/8
  4788 | D:4      | Reached skill level 1 in Conjurations
  5255 | D:4      | Learned a level 2 spell: Call Imp
  5267 | D:5      | Entered Level 5 of the Dungeon
  5355 | D:5      | HP: 3/66 [poisoned by an orc wizard]
  5360 | D:5      | HP: 2/66 [poisoned by an orc wizard]
  5363 | D:5      | Lost mutation: Your mind is acute. (Int +2) [potion of
                  | mutation]
  5363 | D:5      | Lost mutation: Your magical capacity is low. (-10% MP)
                  | [potion of mutation]
  5363 | D:5      | Gained mutation: You are frail. (-10% HP) [potion of
                  | mutation]
  5363 | D:5      | Lost mutation: You are weak. (Str -2) [potion of mutation]
  5365 | D:5      | HP: 1/59 [poisoned by an orc wizard]
  5373 | D:5      | HP: 1/59 [poisoned by an orc wizard]
  5960 | D:5      | Noticed Blork the orc
  5969 | D:5      | Killed Blork the orc
  5969 | D:5      | Reached ** piety under Okawaru
  6162 | D:5      | Reached skill level 1 in Invocations
  6162 | D:5      | Reached XP level 8. HP: 67/67 MP: 11/11
  6257 | D:5      | Reached skill level 5 in Throwing
  6516 | D:5      | Found a sparkling altar of Nemelex Xobeh.
  6527 | D:5      | Reached skill level 1 in Summonings
  7072 | D:5      | Noticed Prince Ribbit
  7103 | D:5      | Killed Prince Ribbit
  7442 | D:6      | Found a burning altar of Makhleb.
  8012 | D:6      | Reached XP level 9. HP: 74/74 MP: 14/14
  8647 | D:6      | Found a shadowy altar of Dithmenos.
  8674 | D:6      | Found a snail-covered altar of Cheibriados.
  8706 | D:6      | Noticed a hornet
  8712 | D:6      | Killed a hornet
  8712 | D:6      | Reached *** piety under Okawaru
  9860 | D:7      | Reached skill level 5 in Long Blades
 10253 | D:7      | Found a staircase to the Ecumenical Temple.
 11179 | D:8      | HP: 1/75 [orc warrior/+0 halberd (13)]
 11184 | D:8      | Shot with an arrow by a centaur

Levels and vault maps discovered:
D:1:      dpeg_arrival_simpleton_a, layout_basic
D:2:      layout_rooms, yredelemnul_forgotten_temple_becter, marbit_many_paths,
          chequers_temple_overflow_statue_of_worship, first_ration
D:3:      layout_basic, overflow_temple_1_default, led_sif_book,
          lemuel_doored_altar, nicolae_ashenzari_panopticon, uniq_natasha
D:4:      cheibrodos_greedy_goblins, layout_loops_ring, dancing_weapons_uskayaw,
          old_standard_altar, nicolae_ossuary_entry_giza,
          uniq_crazy_yiuf_cottage
D:5:      layout_loops_ring, old_standard_altar, uniq_prince_ribbit1,
          uniq_blork_the_orc
D:6:      layout_layer_cave, overflow_temple_1_default,
          nicolae_overflow_hidden_temple, old_standard_altar, kb_rosetta
D:7:      layout_loops_cross, trog_eyes_of_draining, minmay_temple_entry_hall,
          serial_shops, shop, grunt_livestock
D:8:      layout_basic, overflow_temple_1_default, gammafunk_ghost_necromancy

Skill      XL: |  1  2  3  4  5  6  7  8  9 |
---------------+----------------------------+-----
Hexes          | 3 4 |  4.0
Dodging        | 2 3 4 |  4.2
Throwing       | 3 4 5 |  5.4
Fighting       | 2 3 4 |  4.2
Polearms       | 1 |  1.8
Long Blades    | 1 3 4 5 |  5.4
Translocations | 1 2 3 |  3.0
Conjurations   | 1 |  1.9
Spellcasting   | 2 3 4 |  4.8
Invocations    | 1 2 3 |  3.7
Summonings     | 1 2 |  2.8
Maces & Flails | |  0.2
Stealth        | |  0.2
Unarmed Combat | |  0.1

Action                   |  1- 3 |  4- 6 |  7- 9 || total
-------------------------+-------+-------+-------++-------
Melee: Club              |    44 |       |       ||    44
       Unarmed           |     1 |    15 |       ||    16
       Long sword        |    15 |    95 |   295 ||   405
       Spear             |     7 |       |       ||     7
       Punch             |       |       |     1 ||     1
Throw: Large rock        |    42 |    37 |    19 ||    98
       Throwing net      |     2 |       |       ||     2
       Stone             |       |    10 |     1 ||    11
       Dart              |       |       |    30 ||    30
 Cast: Slow              |       |     4 |     5 ||     9
       Corona            |       |     7 |     7 ||    14
       Magic Dart        |       |     1 |    11 ||    12
       Call Imp          |       |       |    29 ||    29
       Blink             |       |       |     4 ||     4
Invok: Heroism           |       |       |     3 ||     3
  Use: Scroll            |       |     9 |     5 ||    14
       Potion            |       |     8 |     2 ||    10
 Stab: Sleeping          |       |       |     1 ||     1
  Eat: Chunk             |     3 |     8 |    16 ||    27
       Ration            |       |       |     3 ||     3
Armor: Robe              |    37 |    36 |    86 ||   159
Dodge: Dodged            |    76 |   109 |   178 ||   363
       Rpst.: Long sword |     8 |    33 |    49 ||    90
